 Dungeon Crawl Stone Soup version 0.16.1-18-g436b03c (webtiles) character file.

332 drasked the Charmwright (level 6, -3/32 HPs)
             Began as a Deep Elf Ice Elementalist on May 6, 2015.
             Killed by miscasting Throw Icicle (12 damage)
             ... on level 4 of the Dungeon.
             The game lasted 00:08:26 (3729 turns).

drasked the Charmwright (Deep Elf Ice Elementalist) Turns: 3729, Time: 00:08:26

Health: -3/32      AC:  2    Str:  5    XL:     6   Next: 26%
Magic:  13/21      EV: 13    Int: 22    God:
Gold:   162        SH:  0    Dex: 15    Spells: 3 memorised, 7 levels left

rFire  . . .     SeeInvis .     n - +0 dagger (venom)
rCold  . . .     Clarity  .     a - +0 robe
rNeg   . . .     SustAb   .     (no shield)
rPois  .         Gourm    .     (no helmet)
rElec  .         Spirit   .     (no cloak)
rCorr  .         Warding  .     (no gloves)
rMut   .         Stasis   .     (no boots)
MR     .....                    (no amulet)
Stlth  ++........               (no ring)
                                (no ring)

@: very slightly contaminated, not resistant to hostile enchantments, unstealthy
A: no striking features
a: no special abilities


You were on level 4 of the Dungeon.
You were not hungry.

You visited 1 branch of the dungeon, and saw 4 of its levels.

You collected 162 gold pieces.

Inventory:

Hand weapons
 n - a +0 dagger of venom (weapon)
   (You took it off a goblin on level 2 of the Dungeon)
Missiles
 l - a throwing net {=f, !d}
Armour
 a - a +0 robe (worn)
 h - a +0 helmet
   (You took it off Robin on level 2 of the Dungeon)
Jewellery
 m - a cursed -2 ring of slaying {unknown}
   (You found it on level 1 of the Dungeon)
 y - a cursed -2 ring of evasion {unknown}
   (You found it on level 4 of the Dungeon)
Magical devices
 t - a wand of lightning (6)
   (You found it on level 3 of the Dungeon)
Scrolls
 d - 3 scrolls of identify
 e - 2 scrolls of remove curse {unknown}
 p - a scroll of magic mapping {!r}
 r - 3 scrolls of noise {unknown}
 v - a scroll of amnesia {unknown}
 x - a scroll of fear {unknown}
Potions
 f - a potion of might {unknown}
 i - 3 potions of curing {unknown}
 k - a potion of ambrosia {unknown}
 s - a potion of agility {unknown}
 u - a potion of heal wounds {unknown}
 w - a potion of haste {unknown}
Books
 b - a book of Frost
Comestibles
 c - 4 bread rations {@e1}
 g - 2 royal jellies
 j - a meat ration {@e2}
 o - 3 fruits
 q - a beef jerky


   Skills:
 - Level 2.4 Dodging
 - Level 2.4 Stealth
 - Level 5.0 Spellcasting
 - Level 1.1 Conjurations
 + Level 5.8 Charms
 - Level 5.2 Ice Magic


You had 7 spell levels left.
You knew the following spells:

 Your Spells              Type           Power        Failure   Level  Hunger
a - Freeze                Ice            ####         1%          1    None
x - Throw Icicle          Conj/Ice       ###.....     34%         4    ####...
A - Ozocubu's Armour      Chrm/Ice       ####....     3%          3    ##.....


Dungeon Overview and Level Annotations

Branches:
Dungeon (4/15)
 Temple: D:4-7

Altars:
Dithmenos
Qazlal


Message History

A bat is nearby!
A bat is nearby!
A bat is nearby!
Found a stone staircase leading down.
The helpless bat fails to defend itself.
You puncture the bat!
You kill the bat!
You are feeling hungry.
You may need something to eat soon, looking for food.
You see here a bat corpse.
Autochopping corpse.
You butcher the bat corpse.
z - a chunk of flesh {@w0} Autoeating chunks.
Eating a chunk of flesh {@w0}.
You continue eating. x2
There is a stone staircase leading down here.
A quokka comes into view.
A quokka is nearby!
A quokka is nearby!
A quokka is nearby!
A quokka is nearby!
A quokka is nearby!
The quokka moves out of view.
The quokka bites you.
You take 3 damage, and have 29/32 hp.
Aim: a quokka You freeze the quokka.
You kill the quokka!
You now have 20/21 mp.
A kobold comes into view. It is wielding a whip.
MP restored: 21 A kobold is nearby!
A kobold is nearby!
A kobold is nearby!
A scorpion comes into view.
The kobold shouts!
The kobold throws a stone.
The stone hits you.
You take 2 damage, and have 28/32 hp.
The kobold closely misses you.
Aim: a kobold, wielding a whip You freeze the kobold.
You kill the kobold!
You now have 20/21 mp.
Things that are here:
a whip; 3 stones; a kobold corpse The scorpion is too close now for your liking.
A scorpion is nearby!
A scorpion is nearby!
A scorpion is nearby!
MP restored: 21 A film of ice covers your body!
The scorpion barely misses you.
You now have 18/21 mp.
Aim: a scorpion You freeze the scorpion.
You now have 17/21 mp.
Aim: a scorpion (lightly wounded)
You freeze the scorpion. The scorpion stings you!
You are poisoned.
The scorpion poisons you!
You take 8 damage, and have 21/32 hp.
MASSIVE DAMAGE!!
You now have 16/21 mp.
Aim: a scorpion (heavily wounded)
You freeze the scorpion.
You feel sick. The scorpion stings you.
You take 5 damage, and have 16/32 hp.
You now have 15/21 mp.
Aim: a scorpion (heavily wounded)
You freeze the scorpion.
You kill the scorpion!
You feel sick.
You take 1 damage, and have 15/32 hp.
You now have 14/21 mp.
You start resting.
You feel sick. x12
Your icy armour starts to melt.
You take 9 damage, and have 6/32 hp.
MASSIVE DAMAGE!!
You regained 6 mp, and now have 20/21 mp.
You start resting.
You feel sick.
You are no longer poisoned.
You start resting.
Your icy armour evaporates.
MP restored: 21 You start resting.
A worker ant comes into view.
You regained 3 hp, and now have 9/32 hp.
A worker ant is nearby!
A worker ant is nearby!
A worker ant is nearby!
A worker ant is nearby!
Okay, then.
Unknown command.
Aim: a worker ant (hasn't noticed you)
You miscast Throw Icicle.
You are very lightly contaminated with residual magic.
You feel uncomfortably cold.
You now have 17/21 mp.
Aim: a worker ant You miscast Throw Icicle.
You are encased in ice!
You die...

..####.# #..#
#.##.[# ##.##
#.....####..#
#..##.......##
#.####..###..# #.
#.###..## ###.
#.### ###.##...##
##
#....##..a......##
###
#.@.......##..###..
###...##..###......
#..###..# ##.)###
##.# ##.####.## #
#)## #..##..####
#.# ##.......## ..#
##..###.... ##..
#..## #..#.
##.####.## ##..##


You could see a worker ant.

Vanquished Creatures
  A scorpion (D:4)
  A giant frog skeleton (D:3)
  2 worker ants (D:4)
  Robin (D:2)
  7 adders
  A gnoll (D:1)
  A giant mite (D:1)
  2 worms
  An adder skeleton (D:4)
  6 orcs (D:3)
  7 giant cockroaches
  9 hobgoblins
  4 jackals (D:2)
  5 quokkas
  12 bats
  A giant newt (D:2)
  19 goblins
  12 kobolds
  10 rats
102 creatures vanquished.

Notes
Turn   | Place    | Note
--------------------------------------------------------------
     0 | D:1      | drasked, the Deep Elf Ice Elementalist, began the quest for the Orb.
     0 | D:1      | Reached XP level 1. HP: 10/10 MP: 5/5
   196 | D:1      | Reached XP level 2. HP: 15/15 MP: 0/8
   477 | D:1      | Reached skill level 4 in Spellcasting
   477 | D:1      | Reached skill level 4 in Ice Magic
   477 | D:1      | Reached XP level 3. HP: 11/19 MP: 6/12
   489 | D:1      | Learned a level 3 spell: Ozocubu's Armour
  1065 | D:2      | Noticed Robin
  1091 | D:2      | Killed Robin
  1091 | D:2      | Reached XP level 4. HP: 17/24 MP: 1/16
  1450 | D:2      | Reached skill level 5 in Spellcasting
  1827 | D:2      | Learned a level 4 spell: Throw Icicle
  1855 | D:3      | Reached skill level 5 in Ice Magic
  1859 | D:3      | Reached skill level 1 in Charms
  1878 | D:3      | Reached skill level 2 in Charms
  1878 | D:3      | Reached XP level 5. HP: 15/28 MP: 14/19
  2174 | D:3      | Found a stormy altar of Qazlal.
  2275 | D:3      | Reached skill level 3 in Charms
  2292 | D:3      | Found a shadowy altar of Dithmenos.
  3228 | D:4      | Reached skill level 4 in Charms
  3510 | D:4      | Reached skill level 5 in Charms
  3510 | D:4      | Reached XP level 6. HP: 32/32 MP: 17/21
  3680 | D:4      | HP: 8/32 [poisoned by a scorpion]
  3688 | D:4      | HP: 7/32 [poisoned by a scorpion]
  3696 | D:4      | HP: 6/32 [poisoned by a scorpion]
  3729 | D:4      | Killed by miscasting Throw Icicle

Action                   |  1- 3 |  4- 6 || total
-------------------------+-------+-------++-------
Melee: Club              |     8 |     7 ||    15
       Dagger            |       |    97 ||    97
 Cast: Freeze            |    61 |    70 ||   131
       Ozocubu's Armour  |     2 |     6 ||     8
  Use: Scroll            |     3 |       ||     3
 Stab: Sleeping          |       |     8 ||     8
  Eat: Chunk             |       |     9 ||     9

Vault maps used:
D:1:      minmay_arrival_stone_box, st_stairs_11
D:2:      uniq_robin
D:3:      old_standard_altar, nicolae_qazlal_general_emergency,
          serial_bayou_lagoon_a, corexii_shack, minmay_item_behind_shaft
D:4:      serial_shops, nicolae_shop_behind_doors

Table legend:
 A = Turns spent in this place as a percentage of turns spent in the entire game.
 B = Non-inter-level travel turns spent in this place as a percentage of non-inter-level travel turns spent in the entire game.
 C = Inter-level travel turns spent in this place as a percentage of turns spent in this place.
 D = Turns resting spent in this place as a percentage of non-inter-level travel turns spent in this place.
 E = Turns spent auto-exploring this place as a percentage of non-inter-level travel turns spent in this place.
 F = Non-inter-level travel turns spent in this place divided by the number of levels of this place that you've seen.
                   A       B       C       D       E      F
               +-------+-------+-------+-------+-------+----------------------
         Total | 100.0 | 100.0 |   0.9 |   3.7 |   9.5 | 349.8
       Dungeon | 100.0 | 100.0 |   0.9 |   3.7 |   9.5 | 349.8
               +-------+-------+-------+-------+-------+----------------------

Table legend:
 A = Kills in this place as a percentage of kills in entire the game.
 B = Kills by you in this place as a percentage of kills by you in the entire game.
 C = Kills by friends in this place as a percentage of kills by friends in the entire game.
 D = Other kills in this place as a percentage of other kills in the entire game.
 E = Experience gained in this place as a percentage of experience gained in the entire game.
 F = Experience gained in this place divided by the number of levels of this place that you have seen.
                   A       B       C       D       E      F
               +-------+-------+-------+-------+-------+----------------------
         Total | 100.0 | 100.0 |  -nan |  -nan | 100.0 | 118.8
       Dungeon | 100.0 | 100.0 |  -nan |  -nan | 100.0 | 118.8
               +-------+-------+-------+-------+-------+----------------------
